| TOP OF THE 1ST |
|
Los Angeles Dodgers batting - Pitching for Atlanta Braves : RHP Casey Jones
|
|
Pitching: RHP Casey Jones
|
|
|
Batting: SHB Joel Baker
|
0-0: Ball 1-0: Ball 2-0: Fly out, F9 (Flyball, 9, EV 87.5 MPH)
|
|
Batting: RHB Tsutomu Irie
|
0-0: SINGLE (Flyball, 4D, EV 95.0 MPH)
|
|
Batting: LHB Lirak Bazhunaishvili
|
0-0: Ball 1-0: Called Strike 1-1: Ball 2-1: Fielders Choice at 2nd, 5-4 (Groundball, 5L, EV 106.9 MPH)
|
|
Batting: SHB Shane Marcum
|
0-0: Called Strike 0-1: Swinging Strike 0-2: Strikes out swinging
|
| Top of the 1st over - 0 runs, 1 hit, 0 errors, 1 left on base; Los Angeles 0 - Atlanta 0 |
| BOTTOM OF THE 1ST |
|
Atlanta Braves batting - Pitching for Los Angeles Dodgers : RHP John Bialon
|
|
Pitching: RHP John Bialon
|
|
|
Batting: RHB Jeckel Hester
|
0-0: TRIPLE (Flyball, 9D, EV 94.4 MPH)
|
|
Batting: RHB Kevin Howard
|
0-0: Ball 1-0: Ball 2-0: Ball 3-0: Called Strike 3-1: Base on Balls
|
|
Batting: SHB Terry Tuckfard
|
0-0: Ball 1-0: Ball Wild Pitch! Jeckel Hester scores Kevin Howard to second 2-0: SINGLE (Line Drive, 78S, EV 103.1 MPH) Kevin Howard to third Runner from 3rd tries for Home, throw by LF and OUT! 7-2
|
|
Batting: RHB David Casas
|
0-0: Called Strike 0-1: Grounds into double play, 6-4-3 (Groundball, 6, EV 100.0 MPH)
|
| Bottom of the 1st over - 1 run, 2 hits, 0 errors, 0 left on base; Los Angeles 0 - Atlanta 1 |
| TOP OF THE 2ND |
|
Los Angeles Dodgers batting - Pitching for Atlanta Braves : RHP Casey Jones
|
|
Batting: LHB Juan Concepcion
|
0-0: Ball 1-0: Ball 2-0: Called Strike 2-1: Called Strike 2-2: Foul Ball, location: 2F 2-2: Ball 3-2: Base on Balls
|
|
Batting: RHB Danny Dyer
|
0-0: Ball 1-0: Foul Ball, location: 2F 1-1: Ball 2-1: Swinging Strike 2-2: Strikes out swinging
|
|
Batting: LHB Stephen Van Raalte
|
0-0: Called Strike 0-1: Called Strike 0-2: Ball 1-2: SINGLE (Line Drive, 78S, EV 105.6 MPH) Juan Concepcion to second
|
|
Batting: RHB Tim Nettles
|
0-0: Swinging Strike 0-1: DOUBLE (Line Drive, 9LS, EV 93.1 MPH) Juan Concepcion scores Stephen Van Raalte to third
|
|
Batting: RHB Leonardo Nava
|
0-0: Called Strike 0-1: Ball 1-1: Swinging Strike 1-2: Ball 2-2: Ball 3-2: Foul Ball, location: 2F 3-2: Strikes out swinging
|
|
Batting: SHB Joel Baker
|
0-0: Called Strike 0-1: Foul Ball, location: 2F 0-2: Strikes out swinging
|
| Top of the 2nd over - 1 run, 2 hits, 0 errors, 2 left on base; Los Angeles 1 - Atlanta 1 |
| BOTTOM OF THE 2ND |
|
Atlanta Braves batting - Pitching for Los Angeles Dodgers : RHP John Bialon
|
|
Batting: RHB Ike Trout
|
0-0: Ball 1-0: Ball 2-0: Ball 3-0: Called Strike 3-1: Ground out 4-3 (Groundball, 34D, EV 81.2 MPH)
|
|
Batting: LHB Luis Magdaleno
|
0-0: Called Strike 0-1: Fly out, F6 (Popup, 56D, EV 46.9 MPH)
|
|
Batting: RHB J.J. Powers
|
0-0: Ground out 6-3 (Groundball, 6M, EV 107.5 MPH)
|
| Bottom of the 2nd over - 0 runs, 0 hits, 0 errors, 0 left on base; Los Angeles 1 - Atlanta 1 |
| TOP OF THE 3RD |
|
Los Angeles Dodgers batting - Pitching for Atlanta Braves : RHP Casey Jones
|
|
Batting: RHB Tsutomu Irie
|
0-0: Ball 1-0: Swinging Strike 1-1: Swinging Strike 1-2: Ball 2-2: Foul Ball, location: 2F 2-2: Ball 3-2: Strikes out looking
|
|
Batting: LHB Lirak Bazhunaishvili
|
0-0: Ball 1-0: Foul Ball, location: 2F 1-1: Ball 2-1: Ball 3-1: Foul Ball, location: 2F 3-2: Base on Balls
|
|
Batting: SHB Shane Marcum
|
0-0: Called Strike 0-1: Foul Ball, location: 2F 0-2: Ball 1-2: Foul Ball, location: 2F 1-2: Strikes out swinging
|
|
Batting: LHB Juan Concepcion
|
0-0: Called Strike 0-1: Foul Ball, location: 2F 0-2: Strikes out swinging
|
| Top of the 3rd over - 0 runs, 0 hits, 0 errors, 1 left on base; Los Angeles 1 - Atlanta 1 |
| BOTTOM OF THE 3RD |
|
Atlanta Braves batting - Pitching for Los Angeles Dodgers : RHP John Bialon
|
|
Batting: RHB Erik Coleman
|
0-0: Ball 1-0: Called Strike 1-1: SINGLE (Groundball, 25, EV 74.4 MPH) (infield hit)
|
|
Batting: RHB Liangde Li
|
0-0: Ball 1-0: Ball 2-0: Ball 3-0: Called Strike 3-1: Swinging Strike 3-2: Fly out, F9 (Flyball, 9, EV 80.6 MPH)
|
|
Batting: RHB Jeckel Hester
|
0-0: Grounds into double play, 6-4-3 (Groundball, 6, EV 86.2 MPH)
|
| Bottom of the 3rd over - 0 runs, 1 hit, 0 errors, 0 left on base; Los Angeles 1 - Atlanta 1 |
| TOP OF THE 4TH |
|
Los Angeles Dodgers batting - Pitching for Atlanta Braves : RHP Casey Jones
|
|
Batting: RHB Danny Dyer
|
0-0: Ball 1-0: Called Strike 1-1: Ground out 5-3 (Groundball, 56S, EV 85.0 MPH)
|
|
Batting: LHB Stephen Van Raalte
|
0-0: Ball 1-0: Fly out, F8 (Flyball, 78D, EV 91.9 MPH)
|
|
Batting: RHB Tim Nettles
|
0-0: Ball 1-0: Ball 2-0: Ball 3-0: Called Strike 3-1: Fly out, F8 (Line Drive, 8LD, EV 93.1 MPH)
|
| Top of the 4th over - 0 runs, 0 hits, 0 errors, 0 left on base; Los Angeles 1 - Atlanta 1 |
| BOTTOM OF THE 4TH |
|
Atlanta Braves batting - Pitching for Los Angeles Dodgers : RHP John Bialon
|
|
Batting: RHB Kevin Howard
|
0-0: Ground out U3 (Groundball, 3L, EV 90.6 MPH)
|
|
Batting: SHB Terry Tuckfard
|
0-0: Ground out 2-3 (Groundball, 2L, EV 65.0 MPH)
|
|
Batting: RHB David Casas
|
0-0: Ball 1-0: Called Strike 1-1: Foul Ball, location: 2F 1-2: Ball 2-2: Strikes out looking
|
| Bottom of the 4th over - 0 runs, 0 hits, 0 errors, 0 left on base; Los Angeles 1 - Atlanta 1 |
| TOP OF THE 5TH |
|
Los Angeles Dodgers batting - Pitching for Atlanta Braves : RHP Casey Jones
|
|
Batting: RHB Leonardo Nava
|
0-0: Ball 1-0: Foul Ball, location: 2F 1-1: Swinging Strike 1-2: Ball 2-2: Ground out 6-3 (Groundball, 6, EV 106.9 MPH)
|
|
Batting: SHB Joel Baker
|
0-0: Swinging Strike 0-1: Ball 1-1: Foul Ball, location: 2F 1-2: Ground out U3 (Groundball, 34S, EV 88.1 MPH)
|
|
Batting: RHB Tsutomu Irie
|
0-0: Ball 1-0: Ball 2-0: Called Strike 2-1: Ball 3-1: Called Strike 3-2: Ground out 1-3 (Groundball, 15, EV 71.9 MPH)
|
| Top of the 5th over - 0 runs, 0 hits, 0 errors, 0 left on base; Los Angeles 1 - Atlanta 1 |
| BOTTOM OF THE 5TH |
|
Atlanta Braves batting - Pitching for Los Angeles Dodgers : RHP John Bialon
|
|
Batting: RHB Ike Trout
|
0-0: Called Strike 0-1: Ball 1-1: Called Strike 1-2: Ball 2-2: Foul Ball, location: 2F 2-2: Strikes out swinging
|
|
Batting: LHB Luis Magdaleno
|
0-0: Ball 1-0: Ball 2-0: Foul Ball, location: 2F 2-1: Ground out 3-1 (Groundball, 34, EV 109.4 MPH)
|
|
Batting: RHB J.J. Powers
|
0-0: Swinging Strike 0-1: Ball 1-1: Swinging Strike 1-2: Ball 2-2: Foul Ball, location: 2F 2-2: Strikes out swinging
|
| Bottom of the 5th over - 0 runs, 0 hits, 0 errors, 0 left on base; Los Angeles 1 - Atlanta 1 |
| TOP OF THE 6TH |
|
Los Angeles Dodgers batting - Pitching for Atlanta Braves : RHP Casey Jones
|
|
Batting: LHB Lirak Bazhunaishvili
|
0-0: Called Strike 0-1: Ball 1-1: Fly out, F9 (Flyball, 89D, EV 93.8 MPH)
|
|
Batting: SHB Shane Marcum
|
0-0: Ball 1-0: Called Strike 1-1: Ball 2-1: Foul Ball, location: 2F 2-2: Foul Ball, location: 2F 2-2: SOLO HOME RUN (Line Drive, 9D, EV 99.4 MPH), Distance : 381 ft
|
|
Batting: LHB Juan Concepcion
|
0-0: Swinging Strike 0-1: Swinging Strike 0-2: Strikes out swinging
|
|
Batting: RHB Danny Dyer
|
0-0: Ball 1-0: Ball 2-0: Swinging Strike 2-1: Fly out, F8 (Flyball, 8RS, EV 81.9 MPH)
|
| Top of the 6th over - 1 run, 1 hit, 0 errors, 0 left on base; Los Angeles 2 - Atlanta 1 |
| BOTTOM OF THE 6TH |
|
Atlanta Braves batting - Pitching for Los Angeles Dodgers : RHP John Bialon
|
|
Batting: RHB Erik Coleman
|
0-0: Foul Ball, location: 2F 0-1: Ball 1-1: Ball 2-1: Swinging Strike 2-2: Foul Ball, location: 2F 2-2: Ball 3-2: Strikes out swinging
|
|
Batting: RHB Liangde Li
|
0-0: SINGLE (Line Drive, 6MD, EV 98.1 MPH)
|
|
Batting: RHB Jeckel Hester
|
0-0: Ball 1-0: Called Strike 1-1: Called Strike Liangde Li steals 2nd base 1-2: Foul Ball, location: 2F 1-2: Hit by Pitch
|
|
Batting: RHB Kevin Howard
|
0-0: Ball Liangde Li steals 3rd base Jeckel Hester to second 1-0: DOUBLE (Flyball, 8LXD, EV 96.2 MPH) Liangde Li scores Jeckel Hester scores
|
|
Batting: SHB Terry Tuckfard
|
0-0: Ball 1-0: Ball 2-0: Ball 3-0: Called Strike 3-1: Foul Ball, location: 2F 3-2: Ground out 4-3 (Groundball, 4, EV 80.0 MPH) Kevin Howard to third
|
|
Batting: RHB David Casas
|
0-0: SINGLE (Groundball, 6MD, EV 102.5 MPH) Kevin Howard scores
|
|
Batting: RHB Ike Trout
|
0-0: Called Strike 0-1: Ground out 4-3 (Groundball, 34, EV 86.2 MPH)
|
| Bottom of the 6th over - 3 runs, 3 hits, 0 errors, 1 left on base; Los Angeles 2 - Atlanta 4 |
| TOP OF THE 7TH |
|
Los Angeles Dodgers batting - Pitching for Atlanta Braves : RHP Casey Jones
|
|
Batting: LHB Stephen Van Raalte
|
0-0: Called Strike 0-1: Foul Ball, location: 2F 0-2: Strikes out swinging
|
|
Batting: RHB Tim Nettles
|
0-0: Swinging Strike 0-1: Ball 1-1: Ground out 5-3 (Groundball, 56S, EV 74.4 MPH)
|
|
Batting: RHB Leonardo Nava
|
0-0: Called Strike 0-1: Ball 1-1: Called Strike 1-2: Strikes out swinging
|
| Top of the 7th over - 0 runs, 0 hits, 0 errors, 0 left on base; Los Angeles 2 - Atlanta 4 |
| BOTTOM OF THE 7TH |
|
Atlanta Braves batting - Pitching for Los Angeles Dodgers : RHP John Bialon
|
|
Batting: LHB Luis Magdaleno
|
0-0: Ball 1-0: Ball 2-0: Called Strike 2-1: Ball 3-1: Foul Ball, location: 2F 3-2: Fly out, F8 (Line Drive, 89M, EV 91.9 MPH)
|
|
Batting: RHB J.J. Powers
|
0-0: SINGLE (Groundball, 6M, EV 106.9 MPH) (infield hit)
|
|
Batting: RHB Erik Coleman
|
0-0: Called Strike 0-1: Called Strike 0-2: Strikes out swinging
|
|
Batting: RHB Liangde Li
|
0-0: Ball 1-0: Foul Ball, location: 2F 1-1: Foul Ball, location: 2F 1-2: Ball 2-2: Foul Ball, location: 2F Pickoff Play to 1st, Runner tries for 2nd, OUT after rundown.
|
| Bottom of the 7th over - 0 runs, 1 hit, 0 errors, 0 left on base; Los Angeles 2 - Atlanta 4 |
| TOP OF THE 8TH |
|
Los Angeles Dodgers batting - Pitching for Atlanta Braves : RHP Casey Jones
|
|
Pitching: RHP Greg Hart
|
|
|
Batting: SHB Joel Baker
|
0-0: Ball 1-0: Foul Ball, location: 2F 1-1: Foul Ball, location: 2F 1-2: Strikes out swinging
|
|
Batting: RHB Tsutomu Irie
|
0-0: Ball 1-0: Foul Ball, location: 2F 1-1: Ball 2-1: Fly out, F7 (Line Drive, 78M, EV 108.8 MPH)
|
|
Batting: LHB Lirak Bazhunaishvili
|
0-0: Called Strike 0-1: Swinging Strike 0-2: Ball 1-2: Foul Ball, location: 2F 1-2: Ball 2-2: Strikes out swinging
|
| Top of the 8th over - 0 runs, 0 hits, 0 errors, 0 left on base; Los Angeles 2 - Atlanta 4 |
| BOTTOM OF THE 8TH |
|
Atlanta Braves batting - Pitching for Los Angeles Dodgers : RHP John Bialon
|
|
Pitching: RHP Joon-ho Rhee
|
|
|
Batting: RHB Liangde Li
|
0-0: Ball 1-0: Ball 2-0: Ground out U3 (Groundball, 34S, EV 85.6 MPH)
|
|
Batting: RHB Jeckel Hester
|
0-0: Called Strike 0-1: SINGLE (Line Drive, 3D, EV 94.4 MPH)
|
|
Batting: RHB Kevin Howard
|
0-0: Foul Ball, location: 2F 0-1: Ball 1-1: Ball 2-1: Swinging Strike 2-2: Strikes out swinging
|
|
Batting: SHB Terry Tuckfard
|
Pickoff Play to 1st, Runner tries for 2nd, OUT after rundown.
|
| Bottom of the 8th over - 0 runs, 1 hit, 0 errors, 0 left on base; Los Angeles 2 - Atlanta 4 |
| TOP OF THE 9TH |
|
Los Angeles Dodgers batting - Pitching for Atlanta Braves : RHP Greg Hart
|
|
Pitching: RHP Victor Munoz
|
|
|
Batting: SHB Shane Marcum
|
0-0: Ball 1-0: Swinging Strike 1-1: Foul Ball, location: 2F 1-2: Ball 2-2: Strikes out swinging
|
|
Batting: LHB Juan Concepcion
|
0-0: Ball 1-0: Foul Ball, location: 2F 1-1: Swinging Strike 1-2: Ball 2-2: Strikes out swinging
|
|
Batting: RHB Danny Dyer
|
0-0: Called Strike 0-1: Ball 1-1: Swinging Strike 1-2: Ball 2-2: Ball 3-2: Fly out, F9 (Flyball, 89M, EV 88.1 MPH)
|
| Top of the 9th over - 0 runs, 0 hits, 0 errors, 0 left on base; Los Angeles 2 - Atlanta 4 |
|